 Dungeon Crawl Stone Soup version 0.29-a0-356-g7bc237e783 (webtiles) character file.

Game seed: 15505451201958458614

58 Shayle the Sneak (level 4, -4/27 HPs)
             Began as a Tengu Brigand on Apr 27, 2022.
             Slain by an ice beast (7 damage)
             ... on level 3 of the Dungeon.
             The game lasted 00:04:38 (2126 turns).

Shayle the Sneak (Tengu Brigand)                    Turns: 2126, Time: 00:04:39

Health: -4/27      AC:  4    Str: 11    XL:     4   Next: 1%
Magic:  5/5        EV: 12    Int: 13    God:
Gold:   122        SH:  0    Dex: 16    Spells: 3/3 levels left

rFire   . . .      SeeInvis .   h - +3 dagger
rCold   + . .      Faith    .   (no shield)
rNeg    . . .      Spirit   .   u - +1 robe of Quuleku {rPois rC+}
rPois   +          Reflect  .   (helmet restricted)
rElec   .          Harm     .   c - +0 cloak
rCorr   .          Rampage  .   (no gloves)
Will    .....                   (boots unavailable)
Stlth   +++.......              (no amulet)
HPRegen 0.09/turn               n - ring of wizardry
MPRegen 0.09/turn               (no ring)

@: no status effects
A: beak, talons 3
a: no special abilities


You were on level 3 of the Dungeon.
You visited 1 branch of the dungeon, and saw 3 of its levels.

You collected 122 gold pieces.

Inventory:

Hand Weapons
 h - a +3 dagger (weapon)
 k - a +2 short sword of speed
Missiles
 d - 15 poisoned darts (quivered)
 e - 5 curare-tipped darts
Armour
 b - a +0 robe
 c - a +0 cloak (worn)
 t - a +0 ring mail
 u - the +1 robe of Quuleku (worn) {rPois rC+}
   (You found it on level 3 of the Dungeon)

   rC:        It protects you from cold.
   rPois:     It protects you from poison.
Jewellery
 n - a ring of wizardry (left hand)
Scrolls
 a - a scroll of magic mapping {unknown}
 f - a scroll of enchant weapon {unknown}
 g - a scroll of identify {unknown}
 q - a scroll of fog {unknown}
 s - a scroll of fear {unknown}
 v - 3 scrolls of blinking {unknown}
Potions
 i - a potion of invisibility {unknown}
 j - 2 potions of mutation {unknown}
 l - a potion of brilliance {unknown}
 m - 4 potions of heal wounds {unknown}
 o - a potion of flight {unknown}
 p - 3 potions of attraction {unknown}
 r - a potion of degeneration {unknown}


   Skills:
 + Level 2.8 Fighting
 - Level 2.1 Short Blades
 - Level 2.0 Throwing
 + Level 2.4 Dodging
 + Level 4.6 Stealth


You had 3 spell levels left.
You didn't know any spells.
Your spell library contained the following spells:

 Spells                   Type           Power      Damage    Failure   Level
 Magic Dart               Conj           0%         1d3       12%         1
 Searing Ray              Conj           0%         2d4       19%         2
 Fulminant Prism          Conj/Hex       0%         3d6       73%         4


Dungeon Overview and Level Annotations

Branches:
Dungeon (3/15)

Altars:


Innate Abilities, Weirdness & Mutations

You have a beak for a mouth.
You have claws for feet.


Message History

You barely miss the ice beast. Your peck misses the ice beast.
The ice beast is heavily wounded.
The ice beast hits you. The ice beast freezes you. You resist.
You hit the ice beast but do no damage.
The ice beast is heavily wounded.
The ice beast completely misses you.
You hit the ice beast but do no damage. You claw the ice beast.
The ice beast is heavily wounded.
The ice beast closely misses you.
You hit the ice beast.
The ice beast is heavily wounded.
The ice beast hits you but does no damage.
You hit the ice beast. Your peck misses the ice beast.
The ice beast is severely wounded.
The ice beast closely misses you.
You barely miss the ice beast.
The ice beast is severely wounded.
The ice beast barely misses you.
You hit the ice beast.
You claw the ice beast, but do no damage.
Your peck misses the ice beast.
The ice beast is severely wounded.
The ice beast closely misses you.
You hit the ice beast but do no damage.
You claw the ice beast, but do no damage.
The ice beast is severely wounded.
You hit the ice beast but do no damage.
You peck the ice beast, but do no damage.
The ice beast is severely wounded.
The ice beast barely misses you.
You closely miss the ice beast. You peck the ice beast.
The ice beast is almost dead.
The ice beast hits you. The ice beast freezes you! You resist.
* * * LOW HITPOINT WARNING * * *
You completely miss the ice beast.
The ice beast is almost dead.
The ice beast hits you.
* * * LOW HITPOINT WARNING * * *
The ice beast freezes you! You resist.
You die...

#.# #.# #.# #.###
#.# #... ##.## #..
##.#.###.#
##.###.##.## #.##
##....#
##.###.##.########
####.#.....Y@.....#
#.......##.######.#
##.###.####.#
#...##.# #.#
#...##.# #.#
#...##.# #.#
##.##..# #.#
#.##.## #. #.##.#


You could see an ice beast.

Vanquished Creatures
  2 adders
  A dart slug (D:1)
  An orc (D:2)
  3 ball pythons
  2 endoplasms
  A giant cockroach (D:1)
  2 goblins (D:1)
  4 hobgoblins
  7 kobolds
  2 quokkas
  5 bats (D:1)
  2 frilled lizards (D:1)
  4 rats
36 creatures vanquished.

Notes
Turn   | Place    | Note
-------+----------+-------------------------------------------
     0 | D:1      | Shayle the Tengu Brigand began the quest for the Orb.
     0 | D:1      | Reached XP level 1. HP: 12/12 MP: 2/2
   213 | D:1      | Reached XP level 2. HP: 14/17 MP: 3/3
   631 | D:1      | Reached XP level 3. HP: 22/22 MP: 4/4
  2027 | D:3      | Identified the +1 robe of Quuleku {rPois rC+}
  2101 | D:3      | Reached XP level 4. HP: 27/27 MP: 5/5
  2107 | D:3      | Noticed an ice beast
  2126 | D:3      | Slain by an ice beast

Illustrated notes

Levels and vault maps discovered:
D:1:      giann_horns, layout_basic, minmay_tree_intersection,
          minmay_misc_feat_more_columns
D:2:      layout_loops_corners, corexii_shack, minmay_misc_feat_hallway,
          kennysheep_generic_room_13
D:3:      layout_loops_ring, shapermc_ecumenical_altar_notcrosses,
          serial_aquarium, aquarium_bridge_island_small
          [aquarium_subvault_small_open, aquarium_subvault_wall,
          aquarium_subvault_bridge, aquarium_subvault_bridge,
          aquarium_subvault_wall], aquarium_window_corridor_1,
          aquarium_window_1, aquarium_view_2d, aquarium_pool_2

Skill      XL: |  1  2 |
---------------+-------+-----
Dodging        | 2 |  2.4
Fighting       | |  2.8
Short Blades   | |  2.1
Throwing       | |  2.0
Stealth        | |  4.6

Action                   |  1- 3 |  4- 6 || total
-------------------------+-------+-------++-------
Melee: Dagger            |    73 |    15 ||    88
       Kick              |    12 |     5 ||    17
       Peck              |     7 |     3 ||    10
 Stab: Sleeping          |     8 |       ||     8
       Distracted        |     1 |       ||     1
Armor: Robe              |    26 |     2 ||    28
Dodge: Dodged            |    42 |     8 ||    50

Table legend: (Time is in decaauts)
 A = Elapsed time spent in this place.
 B = Non-inter-level travel time spent in this place.
 C = Inter-level travel time spent in this place.
 D = Time resting spent in this place.
 E = Time spent auto-exploring this place.
 F = Levels seen in this place.
 G = Mean time per level.
                   A        B        C        D        E       F      G
               +--------+--------+--------+--------+--------+-----+--------+
         Total |   2115 |   2049 |     66 |      0 |   1626 |   3 |  705.0 |
       Dungeon |   2115 |   2049 |     66 |      0 |   1626 |   3 |  705.0 |
               +--------+--------+--------+--------+--------+-----+--------+

Top non-repeatable levels by time:
     D:1: 997 daAuts
     D:2: 945 daAuts
     D:3: 172 daAuts
